Map: Hielo y cromo EE

Players

OGJONNY

  • Race: Protoss Protoss
  • Spawn Location: 7:00

MrFercho - Winner!

  • Race: Zerg Zerg
  • League: Silver
  • Spawn Location: 1:00

VOD

Have the link to the VOD?

Description

Time

  • Played on: June 24, 2020, 10:33 p.m.
  • Length: 16:58
Show
View Real Time Build Order
Export as new Build Order

OGJONNY Protoss 

Build Orders: Chargelot Immortal 

Get SALT Encoding   

  12  0:03  Probe  
  13  0:19  Pylon  
  13  0:30  Assimilator  
  13  0:38  Gateway  
  13  0:51  Forge  
  13  0:52  Probe  
  14  1:01  Probe  
  14  1:09  Probe  
  16  1:19  Probe  
  17  1:31  Probe  
  18  1:38  Pylon  
  18  1:43  Probe  
  19  1:47  Cybernetics Core  
  19  1:48  Pylon  
  19  1:53  Assimilator  
  19  1:55  Probe  
  20  2:28  Warp Gate  
  20  2:29  Gateway  
  20  2:31  Gateway  
  20  2:34  Gateway  
  20  2:42  Zealot  
  22  2:49  Probe  
  22  2:57  Probe  
  24  3:07  Probe  
  25  3:19  Probe  
  26  3:31  Probe  
  27  3:39  Pylon  
  27  3:43  Probe  
  28  3:49  Zealot  
  28  3:52  Sentry, Nexus  
  32  3:55  Assimilator, Probe  
  32  4:02  Stalker  
  35  4:07  Probe  
  36  4:20  Probe  
  37  4:25  Photon Cannon  
  37  4:27  Photon Cannon  
  37  4:32  Probe  
  38  4:44  Probe  
  39  4:54  Zealot x3  
  39  4:56  Probe  
  46  5:07  Probe  
  46  5:11  Probe  
  47  5:15  Probe  
  47  5:19  Probe  
  49  5:23  Probe  
  51  5:29  Probe  
  51  5:34  Assimilator, Probe  
  53  5:38  Sentry  
  53  5:40  Stalker  
  53  5:41  Probe  
  53  5:42  Zealot  
  60  5:43  Zealot  
  62  5:56  Pylon  
  62  5:57  Pylon  
  62  6:01  Photon Cannon  
  62  6:05  Photon Cannon  
  62  6:14  Pylon, Probe x2  
  64  6:47  Robotics Facility  
  64  6:49  Robotics Facility  
  64  6:50  Gateway  
  64  6:52  Gateway  
  64  6:56  Twilight Council  
  64  7:07  Protoss Ground Weapons Level 1  
  64  7:34  Charge  
  64  7:40  Immortal x2  
  70  8:14  Zealot x3  
  70  8:15  Zealot x3  
  82  8:23  Immortal  
  86  8:51  Pylon  
  86  8:55  Pylon  
  86  8:57  Pylon  
  86  9:06  Immortal  
  86  9:08  Immortal  
  80  9:15  Protoss Ground Armor Level 1, Blink  
  70  9:24  Stalker  
  70  9:25  Stalker x5  
  82  9:44  Dark Shrine  
  82  9:45  Immortal  
  86  9:46  Stargate  
  86  9:47  Immortal  
  86  9:49  Stargate  
  90  10:20  Nexus  
  90  10:24  Photon Cannon, Warp Prism  
  90  10:25  Photon Cannon x2  
  90  10:26  Photon Cannon, Warp Prism  
  94  10:29  Shield Battery  
  94  10:30  Photon Cannon x2  
  94  10:33  Shield Battery  
  94  10:44  Probe x2  
  94  10:46  Pylon  
  94  10:47  Shield Battery  
  94  10:49  Shield Battery  
  96  10:56  Probe x2  
  98  11:08  Probe x2  
  100  11:12  Dark Templar x6  
  112  11:28  Warp Prism  
  115  11:32  Probe  
  115  11:33  Probe x2  
  117  11:44  Probe  
  117  11:45  Probe x2  
  120  11:57  Probe  
  95  12:21  Dark Templar x2  
  95  12:22  Dark Templar x4  
  87  12:35  Probe x3  
  86  12:47  Probe x2  
  86  12:49  Probe  
  89  12:59  Probe x2  
  89  13:01  Probe  
  92  13:11  Probe x2  
  80  13:13  Probe  
  75  13:23  Probe x2  
  75  13:26  Stalker x6  
  87  13:47  Fleet Beacon  
  87  13:48  Stargate  
  87  13:56  Dark Templar x2  
  87  13:58  Dark Templar x4  
  87  14:01  Archon  
  87  14:02  Archon  
  99  14:03  Archon  
  99  14:22  Assimilator  
  99  14:25  Assimilator  
  99  14:41  Dark Templar  
  99  14:42  Dark Templar x5  
  99  15:41  Dark Templar x4  
  99  15:42  Dark Templar x2  
  111  15:46  Archon x3  
  111  16:38  Zealot  
  111  16:39  Zealot x2  
  93  16:40  Zealot  
Show
View Real Time Build Order
Export as new Build Order

MrFercho Zerg - Winner!

Build Orders: Hatch First, Lurkers, Roach Hydra 

Get SALT Encoding   

  12  0:01  Drone  
  13  0:14  Overlord  
  13  0:17  Drone  
  14  0:33  Drone x2  
  16  0:52  Hatchery  
  16  0:55  Drone  
  16  1:00  Overlord  
  16  1:06  Drone  
  16  1:08  Drone  
  18  1:19  Drone  
  19  1:32  Spawning Pool  
  19  1:33  Drone  
  19  1:34  Extractor  
  18  1:41  Drone  
  19  1:51  Drone  
  20  2:02  Drone  
  20  2:04  Drone  
  22  2:13  Drone  
  22  2:15  Drone  
  24  2:20  Queen x2  
  28  2:24  Overlord  
  28  2:33  Drone  
  29  2:43  Drone  
  29  2:44  Drone  
  31  2:45  Drone  
  32  2:52  Drone  
  33  3:01  Roach Warren  
  33  3:02  Queen  
  33  3:04  Lair  
  33  3:05  Evolution Chamber  
  33  3:10  Drone x2  
  33  3:11  Drone x2  
  37  3:20  Spine Crawler  
  37  3:24  Zergling x2, Spine Crawler  
  37  3:25  Zergling x2  
  37  3:33  Extractor  
  36  3:34  Extractor  
  35  3:41  Drone  
  35  3:42  Drone x7  
  35  3:46  Overlord  
  43  4:01  Zergling x2  
  43  4:02  Overlord  
  44  4:04  Drone  
  45  4:15  Drone  
  45  4:16  Drone x6  
  52  4:25  Drone  
  53  4:37  Overseer  
  53  4:43  Zergling x8  
  57  4:50  Glial Reconstitution, Zerg Missile Weapons Level 1  
  57  5:04  Drone x3  
  59  5:07  Extractor, Hatchery  
  59  5:11  Extractor  
  56  5:17  Roach  
  56  5:18  Overlord x2  
  56  5:19  Overlord  
  58  5:25  Spore Crawler  
  57  5:33  Spore Crawler  
  56  5:37  Hydralisk Den  
  56  5:38  Drone x2  
  56  5:42  Extractor, Drone  
  57  5:43  Drone x2  
  60  6:18  Drone x3  
  60  6:19  Drone x3  
  65  6:40  Evolution Chamber  
  65  6:42  Drone x4  
  68  7:09  Hatchery  
  68  7:11  Hatchery  
  68  7:15  Hatchery, Grooved Spines, Infestation Pit  
  64  7:19  Overlord  
  64  7:20  Overlord x3  
  64  7:21  Overlord  
  64  7:22  Overlord  
  64  7:33  Drone x10  
  74  7:46  Hydralisk  
  74  7:47  Hydralisk x4  
  82  8:14  Spore Crawler  
  82  8:15  Spine Crawler x2  
  79  8:26  Muscular Augments, Roach x13  
  105  8:31  Zerg Missile Weapons Level 2  
  105  8:32  Zerg Ground Armor Level 1  
  105  8:35  Hive  
  105  8:42  Lurker Den, Drone x3  
  107  8:49  Drone x11  
  107  8:50  Drone  
  117  9:25  Hydralisk x9  
  117  9:26  Hydralisk x10  
  155  9:48  Spire  
  155  9:49  Drone  
  155  9:50  Drone, Spire  
  155  9:51  Overlord x3  
  155  9:52  Overlord x5  
  155  9:59  Hatchery  
  154  10:04  Lurker  
  154  10:05  Extractor, Lurker  
  154  10:06  Extractor  
  154  10:07  Lurker  
  155  10:09  Lurker  
  155  10:10  Lurker  
  157  10:14  Drone x2  
  157  10:15  Drone x10  
  157  10:16  Drone x2  
  157  10:17  Drone x2  
  173  10:30  Ravager  
  174  10:42  Spine Crawler  
  173  10:45  Spine Crawler  
  173  10:48  Spore Crawler  
  171  10:54  Zerg Missile Weapons Level 3, Zerg Ground Armor Level 2  
  171  10:59  Seismic Spines  
  171  11:01  Hydralisk x7  
  185  11:19  Ultralisk Cavern  
  184  11:26  Spine Crawler, Hydralisk x5  
  193  11:56  Adaptive Talons  
  184  12:06  Overseer  
  164  12:12  Overseer x5  
  164  12:13  Overseer  
  150  12:18  Mutalisk x7  
  140  12:31  Spore Crawler  
  140  12:33  Spore Crawler  
  140  12:35  Hydralisk x6  
  123  12:49  Spore Crawler  
  123  12:50  Spine Crawler  
  121  12:57  Hydralisk  
  121  12:58  Hydralisk x7  
  120  13:28  Drone x13  
  120  13:29  Drone x3  
  120  13:30  Drone x2  
  138  13:51  Hydralisk x6  
  150  13:56  Greater Spire  
  150  14:22  Hatchery  
  149  14:25  Extractor  
  149  14:26  Extractor  
  147  14:40  Hatchery  
  146  14:47  Extractor  
  146  14:48  Extractor  
  138  15:16  Spore Crawler  
  138  15:18  Spore Crawler  
  138  15:20  Hydralisk x13  
  138  15:21  Hydralisk x17  
  185  15:36  Drone x6  
  185  15:37  Spore Crawler  
  185  15:38  Spore Crawler  
  189  15:59  Pneumatized Carapace  
  189  16:11  Drone  
  189  16:12  Drone x10  
Tags
 
Add a new tag
Caveats
  • Supply blocks, unpowered buildings, or Contaminate may cause inaccurate times.
  • Supply counts are checked every 10 seconds.